 Dungeon Crawl Stone Soup version 0.27-a0-1347-gd8886f0a89 (webtiles) character file.

Game seed: 9847423633304448417

2 Shayle the Sneak (level 1, -1/16 HPs)
             Began as a Naga Hedge Wizard on June 27, 2021.
             Slain by a quokka (4 damage)
             ... on level 1 of the Dungeon.
             The game lasted 00:01:28 (448 turns).

Shayle the Sneak (Naga Hedge Wizard)                 Turns: 448, Time: 00:01:29

Health: -1/16      AC:  1    Str: 12    XL:     1   Next: 40%
Magic:  4/4        EV:  9    Int: 14    God:
Gold:   33         SH:  0    Dex: 10    Spells: 5/6 levels left

rFire    . . .     SeeInvis +   f - +1 dagger (flame)
rCold    . . .     Faith    .   (no shield)
rNeg     . . .     Spirit   .   b - +0 robe
rPois    +         Reflect  .   c - +0 hat
rElec    .         Harm     .   (no cloak)
rCorr    .         Rampage  .   (no gloves)
Will     .....                  (no barding)
Stlth    ++........             (no amulet)
HPRegen  0.05/turn              (no ring)
MPRegen  0.09/turn              (no ring)

@: very slow
A: AC +0, large, see invisible, deformed body, poison resistance, slowness 2,
spit poison 1, naga tail 1
a: Spit Poison


You were on level 1 of the Dungeon.
You visited 1 branch of the dungeon, and saw 1 of its levels.

You collected 33 gold pieces.

Inventory:

Hand Weapons
 a - a +0 dagger
 f - a +1 dagger of flaming (weapon)
Armour
 b - a +0 robe (worn)
 c - a +0 hat (worn)
Scrolls
 e - 2 scrolls of identify {unknown}
 g - a scroll of teleportation {unknown}
Potions
 d - a potion of curing {unknown}


   Skills:
 + Level 0.4 Fighting
 + Level 1.7 Dodging
 - Level 3.0 Stealth
 - Level 3.0 Spellcasting
 - Level 1.0 Conjurations
 - Level 1.0 Summonings
 - Level 1.0 Translocations


You had 5 spell levels left.
You knew the following spells:

 Your Spells              Type           Power      Damage    Failure   Level
a - Magic Dart            Conj           16%        1d3       14%         1

Your spell library contained the following spells:

 Spells                   Type           Power      Damage    Failure   Level
 Blink                    Tloc           N/A        N/A       22%         2
 Call Imp                 Summ           4%         N/A       22%         2
 Slow                     Hex            2%         N/A       32%         2
 Conjure Flame            Conj/Fire      3%         6-21      45%         3
 Mephitic Cloud           Conj/Pois/Air  3%         N/A       50%         3


Dungeon Overview and Level Annotations

Branches:
Dungeon (1/15)

Altars:


Innate Abilities, Weirdness & Mutations

Your serpentine skin is tough. (AC +0)
You have supernaturally acute eyesight. (SInv)
Armour fits poorly on your strangely shaped body.
Your system is resistant to poisons. (rPois)
You cover ground very slowly.
You can spit poison.
You have a snake-like lower body.


Message History

The giant cockroach is almost dead.
The giant cockroach bites you but does no damage.
You barely miss the giant cockroach.
The giant cockroach is almost dead.
The giant cockroach barely misses you.
You hit the giant cockroach. You burn the giant cockroach.
You kill the giant cockroach!
You see here a giant cockroach corpse.
You see here a giant cockroach corpse.
Found an escape hatch in the floor.
e - 2 scrolls labelled OQOB WUTIAWK (gained 1)
Found a faded altar of an unknown god.
You now have 23 gold pieces (gained 16).
g - a scroll labelled TOHYKO YTAKK You now have 33 gold pieces (gained 10).
A quokka comes into view.
A ball python comes into view.
Found a short sword.
The quokka closely misses you.
Press: ? - help, Shift-Dir - straight line, f - quokka
Aim: a quokka The splash of poison hits the quokka but does no damage.
The quokka is poisoned.
The quokka bites you.
Unknown command.
You hit the quokka but do no damage. The quokka barely misses you.
You barely miss the quokka.
The quokka is lightly wounded.
You have got your breath back.
The quokka misses you.
You barely miss the quokka.
The quokka is moderately wounded.
The quokka bites you.
You miss the quokka.
The quokka is moderately wounded.
The quokka bites you. x2
* * * LOW HITPOINT WARNING * * *
You barely miss the quokka.
The quokka is heavily wounded.
The quokka bites you.
You die...

# #....# ) #..###
.## #..### ..
#..... #. ##.###
#.######## #.#
#...S....# #.#
#.r#####.#### #.#
#.@##.......###.#
#.....##.##.....#
##.#####.########
#.. ..# ### ####


You could see a quokka (poisoned).

Vanquished Creatures
  A giant cockroach (D:1)
  A goblin (D:1)
2 creatures vanquished.

Notes
Turn   | Place    | Note
-------+----------+-------------------------------------------
     0 | D:1      | Shayle the Naga Hedge Wizard began the quest for the Orb.
     0 | D:1      | Reached XP level 1. HP: 15/15 MP: 4/4
   400 | D:1      | Found a faded altar of an unknown god.
   448 | D:1      | Slain by a quokka

Illustrated notes

Levels and vault maps discovered:
D:1:      giann_forest_graveyard, layout_loops_cross,
          ebering_ecumenical_altar_abandoned, serial_shops,
          nicolae_shop_crystal, minmay_misc_feat_pillars

Action                   || total
-------------------------++-------
Melee: Dagger            ||    10
 Abil: Spit Poison       ||     2
Armor: Robe              ||     4
Dodge: Dodged            ||     5

Table legend: (Time is in decaauts)
 A = Elapsed time spent in this place.
 B = Non-inter-level travel time spent in this place.
 C = Inter-level travel time spent in this place.
 D = Time resting spent in this place.
 E = Time spent auto-exploring this place.
 F = Levels seen in this place.
 G = Mean time per level.
                   A        B        C        D        E       F      G
               +--------+--------+--------+--------+--------+-----+--------+
         Total |    511 |    511 |      0 |      0 |    465 |   1 |  511.0 |
       Dungeon |    511 |    511 |      0 |      0 |    465 |   1 |  511.0 |
               +--------+--------+--------+--------+--------+-----+--------+

Top non-repeatable levels by time:
     D:1: 511 daAuts
